 Dungeon Crawl Stone Soup version 0.31-a0-364-gb59cdcccf2 (webtiles) character file.

Game seed: 10287654924495037124

10987 floatRand the Grappler (level 11, 0/77 HPs)
             Began as a Grey Draconian Shapeshifter on July 28, 2023.
             Was a Priest of Wu Jian.
             Slain by a meliai
             ... wielding a +0 war axe
              (8 damage)
             ... on level 13 of the Dungeon.
             The game lasted 00:12:27 (10137 turns).

floatRand the Grappler (DrSh)                      Turns: 10137, Time: 00:12:27

Health: 0/77       AC: 12    Str: 24    XL:     11   Next: 43%
Magic:  11/11      EV: 12    Int: 14    God:    Wu Jian [***...]
Gold:   1593       SH: 15    Dex: 14    Spells: 10/10 levels left

rFire   . .          .
                       - Unarmed
rCold   + . .        d - +5 kite shield of the Equator {rF+ Str+4}
rNeg    . . .        (body armour unavailable)
rPois   .            (helmet currently unavailable)
rElec   .            (cloak currently unavailable)
rCorr   .            (gloves currently unavailable)
SInv    .            (boots currently unavailable)
Will    .....        (no amulet)
Stlth   ++           j - +6 ring of intelligence
HPRegen 0.32/turn    D - ring of ice
MPRegen 0.12/turn

%: no passive effects
@: beast-form, marked
A: beast (slay +5), AC +12, amphibious, unfitting armour, cold-blooded
a: Begin Untransformation, Renounce Religion, Wall Jump, Serpent's Lash


You were on level 13 of the Dungeon.
You worshipped Wu Jian.
Wu Jian was most pleased with you.
You were a hulking beast.
You visited 2 branches of the dungeon, and saw 14 of its levels.
You also visited: Sewer.

You collected 1593 gold pieces.

Inventory:

Missiles
 i - 2 throwing nets
Armour
 d - the +5 kite shield of the Equator (worn) {rF+ Str+4}
   (You acquired it on level 3 of the Dungeon)

   Str:       It affects your strength (+4).
   rF:        It protects you from fire.
Jewellery
 j - a +6 ring of intelligence (left hand)
 D - a ring of ice (right hand)
 E - a ring of fire
Talismans
 b - a beast talisman
 x - a serpent talisman
 y - a blade talisman
Wands
 z - a wand of polymorph (6)
 A - a wand of roots (3)
Scrolls
 e - a scroll of poison
 f - a scroll of fear
 g - a scroll of fog
 l - 2 scrolls of teleportation
 n - 2 scrolls of enchant armour
 r - a scroll of brand weapon
 s - 3 scrolls of enchant weapon
 u - a scroll of butterflies {unknown}
 v - a scroll of identify
 C - 2 scrolls of revelation
Potions
 a - a potion of lignification
 c - 3 potions of curing
 h - a potion of magic
 k - 2 potions of might
 m - 2 potions of ambrosia
 p - 2 potions of resistance
 q - 2 potions of enlightenment
 t - a potion of brilliance
 w - a potion of mutation


   Skills:
 - Level 1.1 Fighting
 + Level 3.2 Dodging
 + Level 2.6 Stealth
 - Level 7.2 Shields
 * Level 13.4 Unarmed Combat
 + Level 8.5 Shapeshifting


You had 10 spell levels left.
You didn't know any spells.
Your spell library contained the following spells:

 Spells                   Type           Power      Damage    Failure   Level
 Kiss of Death            Conj/Necr      0%         2d5       50%         1
 Confusing Touch          Hex            0%         N/A       86%         3
 Dispel Undead            Necr           0%         3d6       99%         4
 Conjure Ball Lightning   Conj/Air       0%         3x3d6     100%        6
 Discord                  Hex            0%         N/A       100%        8
 Disjunction              Tloc           0%         N/A       100%        8


Dungeon Overview and Level Annotations

Branches:
Dungeon (12/15)            Temple (1/1) D:7            Lair (0/5) D:9
    Orc (0/2) D:9           Sewer (visited)

Altars:
Ashenzari
Cheibriados
Dithmenos
Elyvilon
Fedhas
Gozag
Hepliaklqana
Kikubaaqudgha
Makhleb
Nemelex Xobeh
Okawaru
Qazlal
Ru
Sif Muna
Trog
Uskayaw
Vehumet
Wu Jian
Xom
Yredelemnul
Zin
The Shining One

Shops:
D:10 [

Portals:
Trove: D:11 (give 6 scrolls of fear)

Annotations:
D:7 3 runed translucent doors, MrCrawl's ghost, novice TeFE


Innate Abilities, Weirdness & Mutations

You are a hulking beast.
Your limbs bulge with bestial killing power. (Slay +5)
Your dull iron-grey scales are very hard. (AC +12)
You are amphibious.
You cannot fit into any form of body armour.
You are cold-blooded and may be slowed by cold attacks.


Message History

You block the meliai's attack. x2
Unknown command.
Unknown command.
You feel much better.
Your surroundings seem slightly different.
The meliai calls down the wrath of its god upon you.
Something smites you!
* * * LOW HITPOINT WARNING * * *
The meliai calls down the wrath of its god upon you.
Something smites you!
* * * LOW HITPOINT WARNING * * *
You feel much better. The meliai hits you with a +0 hand axe!
* * * LOW HITPOINT WARNING * * *
The meliai barely misses you.
Unknown command.
The meliai attacks as you move away! You block the meliai's attack.
The meliai closely misses you.
The meliai calls upon its god to heal the meliai.
The meliai is healed somewhat.
You block the meliai's attack. The meliai stings you.
* * * LOW HITPOINT WARNING * * *
Unknown command.
You punch the meliai!
You kill the meliai!
The Council accepts your kill. You block the meliai's attack.
The meliai stings you.
* * * LOW HITPOINT WARNING * * *
You block the meliai's attack.
The meliai stings you but does no damage.
A troll comes into view.
You hit the meliai.
The meliai is moderately wounded.
The meliai hits you with a +0 war axe.
* * * LOW HITPOINT WARNING * * *
You block the meliai's attack.
A centaur warrior comes into view.
The meliai hits you with a +0 war axe.
* * * LOW HITPOINT WARNING * * *
The meliai stings you!
You die...

##...............#
##..###.....#######
##..## ##...##
##..## #..## #..##
#..# #..# #..# ##.#
#..### #.##
#....###### ##)#
##.yh......# ##.#
##..y######Tc#
##.## #....## ##.##
#.....## ##.##
#.###.y## ###..# #.
##ยง.## ....## #.
##..## ...## ##..#
...# ##.......


You could see a centaur warrior, a troll and 2 meliai.

Vanquished Creatures
  A hydra (D:8)
  A two-headed ogre (D:11)
  A deep elf pyromancer (D:13)
  A manticore (D:11)
  Maggie (D:7)
  A rime drake (D:9)
  A komodo dragon (D:11)
  2 kobold demonologists (D:11)
  2 trolls
  A meliai (D:13)
  2 dream sheep (D:8)
  4 wyverns
  A wraith (D:11)
  3 shadows
  5 yaks (D:9)
  A vampire (D:10)
  A basilisk (D:9)
  2 steam dragons (D:7)
  2 water moccasins
  6 orc warriors
  A sky beast (D:7)
  3 ice beasts
  Pargi (Sewer)
  2 black bears
  2 wolves (D:9)
  An ogre (D:5)
  4 centaurs
  8 kobold brigands
  4 bullfrogs
  3 wights (D:8)
  3 jellies
  4 hounds
  8 orc priests
  A sleepcap (D:8)
  3 iguanas
  14 orc wizards
  4 gnolls (D:4)
  5 adders
  2 shadow imps
  2 white imps
  8 worms
  7 dart slugs
  56 orcs
  11 ball pythons
  6 bats
  7 endoplasms
  2 giant cockroaches
  3 goblins
  6 hobgoblins
  6 jackals
  25 kobolds
  3 quokkas
  9 frilled lizards
  11 rats
274 creatures vanquished.

Notes
Turn   | Place    | Note
-------+----------+-------------------------------------------
     0 | D:1      | floatRand the Draconian Shapeshifter began the quest for
                  | the Orb.
     0 | D:1      | Reached XP level 1. HP: 16/16 MP: 1/1
    77 | D:1      | Reached XP level 2. HP: 15/23 MP: 2/2
   389 | D:1      | Reached XP level 3. HP: 22/28 MP: 3/3
   614 | D:1      | Reached skill level 4 in Unarmed Combat
  1217 | D:2      | Found a faded altar of an unknown god.
  1325 | D:3      | Reached XP level 4. HP: 33/35 MP: 4/4
  1570 | D:3      | Found a glowing drain.
  1605 | Sewer    | Entered a sewer
  1641 | Sewer    | Noticed Pargi
  1654 | Sewer    | Killed Pargi
  1655 | Sewer    | Reached skill level 5 in Unarmed Combat
  1655 | Sewer    | Reached XP level 5. HP: 23/40 MP: 5/5
  1932 | D:3      | Found a glowing golden altar of the Shining One.
  2001 | D:3      | Identified a scroll of acquirement
  2001 | D:3      | Acquired the +5 kite shield of the Equator {rF+ Str+4}
  2260 | D:4      | Reached XP level 6. HP: 47/47 MP: 6/6
  2821 | D:4      | Reached skill level 1 in Shields
  2821 | D:4      | Reached skill level 6 in Unarmed Combat
  3196 | D:4      | Noticed a moth of wrath
  3199 | D:4      | Found a bloodstained altar of Trog.
  3375 | D:5      | Entered Level 5 of the Dungeon
  3429 | D:5      | Found a shadowy altar of Dithmenos.
  3431 | D:5      | Found a stormy altar of Qazlal.
  3497 | D:5      | Your scales start taking on a dull iron-grey colour.
  3497 | D:5      | Reached XP level 7. HP: 47/52 MP: 7/7
  3678 | D:5      | Reached skill level 7 in Unarmed Combat
  4014 | D:6      | Reached skill level 5 in Shapeshifting
  4208 | D:5      | Reached XP level 8. HP: 34/57 MP: 8/8
  4450 | D:5      | Reached skill level 8 in Unarmed Combat
  4950 | D:7      | Found a shimmering altar of Xom.
  4953 | D:7      | Found a runed translucent gate.
  4954 | D:7      | Found a runed translucent gate.
  4956 | D:7      | Noticed MrCrawl's ghost (novice TeFE)
  4959 | D:7      | Found a runed translucent gate.
  5158 | D:7      | Found a staircase to the Ecumenical Temple.
  5167 | D:7      | Reached skill level 9 in Unarmed Combat
  5174 | Temple   | Entered the Ecumenical Temple
  5187 | Temple   | Became a worshipper of the Wu Jian Council
  5378 | D:7      | Reached XP level 9. HP: 64/64 MP: 9/9
  5387 | D:7      | Reached skill level 5 in Shields
  5657 | D:7      | Noticed Maggie
  5678 | D:7      | Killed Maggie
  5679 | D:7      | Reached skill level 10 in Unarmed Combat
  5865 | D:7      | Found a sacrificial altar of Ru.
  6071 | D:8      | Reached * piety under Wu Jian
  6645 | D:8      | Reached XP level 10. HP: 71/71 MP: 10/10
  6654 | D:8      | Noticed a three-headed hydra
  6663 | D:8      | Killed a three-headed hydra
  6664 | D:8      | Reached skill level 11 in Unarmed Combat
  6993 | D:9      | Found a staircase to the Orcish Mines.
  7162 | D:9      | Found a glowing silver altar of Zin.
  7195 | D:9      | Reached ** piety under Wu Jian
  7359 | D:9      | Found a staircase to the Lair.
  7482 | D:9      | Reached skill level 12 in Unarmed Combat
  7700 | D:9      | Found a white marble altar of Elyvilon.
  7923 | D:10     | Entered Level 10 of the Dungeon
  7923 | D:10     | Found Faexael's Antique Armour Boutique.
  8542 | D:10     | Acquired 951 gold pieces
  8670 | D:11     | Reached XP level 11. HP: 77/77 MP: 11/11
  8823 | D:11     | Reached skill level 1 in Stealth
  8828 | D:11     | Reached skill level 13 in Unarmed Combat
  9320 | D:11     | Found a sparkling altar of Nemelex Xobeh.
  9508 | D:11     | Reached *** piety under Wu Jian
  9569 | D:11     | Found a portal to a secret trove of treasure.
  9814 | D:11     | Noticed a two-headed ogre
  9821 | D:11     | Killed a two-headed ogre
 10034 | D:12     | You fall into a shaft and drop 1 floor!
 10070 | D:13     | Noticed a deep elf pyromancer
 10076 | D:13     | Killed a deep elf pyromancer
 10137 | D:13     | Noticed a centaur warrior
 10137 | D:13     | Slain by a meliai

Illustrated notes

Levels and vault maps discovered:
D:1:      psy_arrival_fountain, layout_basic, minmay_misc_feat_square,
          minmay_tromino_mix6
D:2:      layout_rooms, dreamdust_ecumenical_altar_statues
D:3:      layout_rooms, tso_altar, cheibrodos_sewer_entry_bend
D:4:      layout_loops_corners, tgw_trog
D:5:      layout_gridville, mainiacjoe_overflow_catwalk_spiral
D:6:      layout_cave_pools, minmay_misc_feat_columns
D:7:      layout_rooms, nicolae_ru_path_of_blood, brannock_xom_greatest_gift,
          minmay_temple_entry_antechambers, gammafunk_ghost_necromancy,
          nrook_loot_triangle, uniq_maggie
D:8:      layout_loops_cross, hangedman_ranch
D:9:      layout_roguey, elyvilon_altar_1, mainiacjoe_overflow_paths,
          hellmonk_lair_entry_icy
D:10:     layout_roguey, serial_shops, shop
D:11:     layout_stronghold, nicolae_trove_entry_diagonal,
          nemelex_lonely_heart_becter
D:12:     layout_roguey, okawaru_gym_becter, uniq_gastronok, uniq_snorg
D:13:     layout_layer_cave, david_vaults_3, nicolae_wooded_promenade
Temple:   dpeg_chambers_temple

Skill      XL: |  1  2  3  4  5  6  7  8  9 10 11 |
---------------+----------------------------------+-----
Unarmed Combat | 4 5 6 7 9 10 12 13 | 13.4
Shapeshifting  | 4 5 6 8 |  8.5
Shields        | 2 3 4 6 7 |  7.2
Dodging        | 3 |  3.2
Stealth        | 2 |  2.6
Fighting       | |  1.1

Action                     |  1- 3 |  4- 6 |  7- 9 | 10-12 || total
---------------------------+-------+-------+-------+-------++-------
  Melee: Unarmed           |   111 |   183 |   301 |   235 ||   830
         Tailslap          |    12 |    17 |    48 |    37 ||   114
         Punch             |     3 |     1 |       |       ||     4
Ability: Lunge             |       |       |    10 |    18 ||    28
         Whirlwind         |       |       |     2 |     8 ||    10
    Use: Scroll            |       |    12 |     4 |     9 ||    25
         Potion            |       |       |       |     3 ||     3
   Stab: Sleeping          |     1 |       |     1 |     1 ||     3
 Armour: Skin              |    28 |    32 |    67 |    54 ||   181
  Dodge: Dodged            |    65 |    78 |    85 |    49 ||   277
  Block: Kite shield       |       |    50 |   192 |   142 ||   384

Table legend: (Time is in decaauts)
 A = Elapsed time spent in this place.
 B = Non-inter-level travel time spent in this place.
 C = Inter-level travel time spent in this place.
 D = Time resting spent in this place.
 E = Time spent auto-exploring this place.
 F = Levels seen in this place.
 G = Mean time per level.
                   A        B        C        D        E       F      G
               +--------+--------+--------+--------+--------+-----+--------+
         Total |  10115 |   9875 |    240 |   1531 |   5914 |  15 |  674.3 |
       Dungeon |   9889 |   9649 |    240 |   1531 |   5810 |  13 |  760.7 |
        Temple |     26 |     26 |      0 |      0 |      0 |   1 |   26.0 |
         Sewer |    199 |    199 |      0 |      0 |    103 |   1 |  199.0 |
               +--------+--------+--------+--------+--------+-----+--------+

Top non-repeatable levels by time:
    D:11: 1441 daAuts
     D:4: 1250 daAuts
     D:8: 1000 daAuts
     D:7: 968 daAuts
     D:5: 961 daAuts
     D:9: 953 daAuts
     D:1: 847 daAuts
    D:10: 659 daAuts
     D:3: 635 daAuts
     D:6: 612 daAuts
     D:2: 458 daAuts
   Sewer: 199 daAuts
    D:13: 100 daAuts
  Temple: 26 daAuts
